 Dungeon Crawl Stone Soup version 0.17.1-2-g5865329 (webtiles) character file.

42 ololoev the Covered (level 3, -4/29 HPs)
             Began as a Demonspawn Fighter on Feb 16, 2016.
             Slain by an iguana (7 damage)
             ... on level 4 of the Dungeon.
             The game lasted 00:02:17 (392 turns).

ololoev the Covered (Demonspawn Fighter)             Turns: 392, Time: 00:02:17

Health: -4/29      AC:  6    Str: 17    XL:     3   Next: 35%
Magic:  3/3        EV:  6    Int:  9    God:
Gold:   87         SH:  8    Dex: 12    Spells: 0 memorised, 2 levels left

rFire  + . .     SeeInvis .     a - +0 war axe
rCold  . . .     Clarity  .     b - +0 scale mail
rNeg   . . .     SustAt   .     c - +0 shield
rPois  .         Gourm    .     (no helmet)
rElec  .         Spirit   .     (no cloak)
rCorr  .         Warding  .     (no gloves)
rMut   .         Stasis   .     (no boots)
MR     .....                    (no amulet)
Stlth  ..........               (no ring)
                                f - ring of protection from fire

@: not resistant to hostile enchantments, extremely unstealthy
A: claws 1
a: no special abilities


Innate Abilities, Weirdness & Mutations

You have sharp fingernails.

Inventory:

Hand Weapons
 a - a +0 war axe (weapon)
Armour
 b - a +0 scale mail (worn)
 c - a +0 shield (worn)
Jewellery
 f - a ring of protection from fire (left claw)
Scrolls
 h - a scroll of identify {unknown}
 i - 3 scrolls of teleportation {unknown}
Comestibles
 d - a chunk of flesh
 e - a bread ration


   Skills:
 - Level 3.0 Fighting
 * Level 2.9 Axes
 + Level 3.2 Armour
 - Level 2.6 Shields


You had 2 spell levels left.
You didn't know any spells.


You were on level 4 of the Dungeon.
You were not hungry.

You visited 1 branch of the dungeon, and saw 5 of its levels.

You collected 87 gold pieces.

#####
###...#
#sl@#.#
......##..#
#.######.##
#...# #.###
#.# ##.#
#..# #.##

Notes
Turn   | Place    | Note
--------------------------------------------------------------
     0 | D:1      | ololoev the Demonspawn Fighter began the quest for the Orb.
     0 | D:1      | Reached XP level 1. HP: 18/18 MP: 1/1
   150 | D:1      | Gained mutation: You have sharp fingernails. [demonic ancestry]
   150 | D:1      | Reached XP level 2. HP: 14/24 MP: 2/2
   317 | D:5      | Entered Level 5 of the Dungeon
   322 | D:5      | Reached XP level 3. HP: 9/29 MP: 3/3
   392 | D:4      | Slain by an iguana

Dungeon Overview and Level Annotations

Branches:
Dungeon (5/15)
 Temple: D:4-7

Altars:


Message History

There is a stone staircase leading down here.
There is a stone staircase leading down here.
You climb downwards.
Found 13 gold pieces.
Found an escape hatch in the ceiling.
There is a stone staircase leading up here.
You now have 87 gold pieces (gained 13).
There is a stone staircase leading up here.
You climb upwards.
There is a stone staircase leading down here.
An iguana comes into view.
The iguana hisses angrily.
A giant cockroach comes into view.
Drink which item? (? for menu, Esc to quit)
It was a potion of cure mutation.
It has a very clean taste.
You closely miss the iguana. You block the iguana's attack.
You barely miss the iguana.
The iguana bites you but does no damage. x2
You slash the iguana!
The iguana is moderately wounded.
The giant cockroach waves its antennae.
The iguana bites you!
You barely miss the iguana.
The iguana is moderately wounded.
The iguana completely misses you.
The iguana bites you but does no damage.
Your shield and scale mail prevent you from hitting the iguana.
The iguana is moderately wounded.
The iguana bites you but does no damage.
You slash the iguana!
The iguana is almost dead.
The iguana hisses menacingly.
The iguana barely misses you.
You hit the iguana.
The iguana is almost dead.
The iguana bites you but does no damage.
The iguana bites you.
You completely miss the iguana.
The iguana is almost dead.
The iguana bites you!
You die...

You could see an iguana and a giant cockroach.

Vanquished Creatures
  An iguana (D:5)
  2 ball pythons
  2 bats (D:3)
  A goblin (D:3)
  5 hobgoblins (D:1)
  A giant newt (D:1)
  2 jackals (D:1)
  A kobold (D:1)
  A rat (D:1)
16 creatures vanquished.

Action                   || total
-------------------------++-------
Melee: War axe           ||    57
  Use: Potion            ||     2

Vault maps used:
D:1:      minmay_arrival_hallway
D:3:      ecumenical_altar_1
D:4:      vehumet_altar_wand_db, uniq_menkaure, uniq_crazy_yiuf_cottage
D:5:      first_bread, uniq_edmund
